 Dungeon Crawl Stone Soup version 0.26.1-11-gd32895ea62 (webtiles) character file.

Game seed: 1079924137407860197

346 nonceun the Cleaver (level 6, -4/51 HPs)
             Began as a Minotaur Berserker on Apr 13, 2021.
             Was a Believer of Trog.
             Slain by a killer bee (5 damage)
             ... on level 2 of the Dungeon.
             The game lasted 00:06:21 (2260 turns).

nonceun the Cleaver (Minotaur Berserker)            Turns: 2260, Time: 00:06:21

Health: -4/51      AC:  8    Str: 24    XL:     6   Next: 32%
Magic:  5/5        EV:  8    Int:  4    God:    Trog [**....]
Gold:   84         SH:  0    Dex:  9    Spells: 5/5 levels left

rFire    + . .     SeeInvis .   a - +0 hand axe
rCold    . . .     Faith    .   (no shield)
rNeg     . . .     Spirit   .   d - +0 chain mail
rPois    .         Reflect  .   (helmet restricted)
rElec    .         Harm     .   (no cloak)
rCorr    .         Rampage  .   (no gloves)
Will     ++...                  (no boots)
Stlth    ..........             (no amulet)
HPRegen  1.17/turn              f - ring of protection from cold
MPRegen  0.09/turn              h - ring of fire

@: lethally poisoned (-4 -> -5), berserk cooldown, regenerating, slowed, very
slow
A: retaliatory headbutt, horns 2
a: Renounce Religion, Berserk, Trog's Hand


You were on level 2 of the Dungeon.
You worshipped Trog.
Trog was pleased with you.
You visited 1 branch of the dungeon, and saw 2 of its levels.

You collected 84 gold pieces.

Inventory:

Hand Weapons
 a - a +0 hand axe (weapon)
Missiles
 c - 22 arrows
Armour
 d - a +0 chain mail (worn)
Jewellery
 f - a ring of protection from cold (left hand)
 h - a ring of fire (right hand)
 i - an uncursed ring of ice
Scrolls
 g - a scroll of noise {unknown}
 j - 3 scrolls of remove curse {unknown}
 k - 2 scrolls of teleportation {unknown}
Potions
 b - 3 potions of curing {unknown}
 e - a potion of berserk rage {unknown}
 l - a potion of mutation {unknown}
 m - a potion of degeneration {unknown}


   Skills:
 - Level 3.6 Fighting
 + Level 8.6 Axes
 - Level 2.4 Armour
 - Level 2.1 Dodging


You had 5 spell levels left.
You didn't know any spells.
Your spell library was empty.

Dungeon Overview and Level Annotations

Branches:
Dungeon (2/15)

Altars:


Innate Abilities, Weirdness & Mutations

You reflexively headbutt those who attack you in melee.
You have a pair of horns on your head.


Message History

You feel sick. The killer bee closely misses you. x2
The killer bee stings you but does no damage.
You closely miss the killer bee.
The killer bee is heavily wounded.
You feel sick. The killer bee barely misses you.
The killer bee stings you but does no damage. x2
You hit the killer bee but do no damage.
Your headbutt misses the killer bee.
The killer bee is heavily wounded.
You feel sick. The killer bee stings you.
* * * LOW HITPOINT WARNING * * *
You are more poisoned.
The killer bee poisons you!
The killer bee stings you but does no damage.
You miss the killer bee.
The killer bee is heavily wounded.
You feel sick. The killer bee stings you.
* * * LOW HITPOINT WARNING * * *
The killer bee stings you.
You die...

.# #.# .# #######
#.# .# #.....# #.#
.####.....#
####.####
..........#
#.......#
#.###.....#
#.##.##.# ..#
#.....# #.##.##.#
.## #######
#.##y##.# ##
#.##@##.#
#########
#.##.##.# #......#
#.......#
##.####.##
####.####
.........# #####.#
##.##.#..# #.....#
##.......###.#####
...##........#
#..#####.#####


You could see a killer bee.

Vanquished Creatures
  An ice beast (D:2)
  3 killer bees (D:2)
  Natasha (twice) (D:2)
  2 adders (D:2)
  A worm (D:2)
  3 dart slugs (D:1)
  A leopard gecko (D:1)
  3 giant cockroaches
  9 goblins
  11 hobgoblins
  2 bats (D:1)
  2 frilled lizards
  4 kobolds
  2 rats (D:2)
46 creatures vanquished.

Notes
Turn   | Place    | Note
-------+----------+-------------------------------------------
     0 | D:1      | nonceun the Minotaur Berserker began the quest for the Orb.
     0 | D:1      | Reached XP level 1. HP: 19/19 MP: 0/0
    59 | D:1      | Reached skill level 4 in Axes
   240 | D:1      | Reached XP level 2. HP: 26/26 MP: 1/1
   878 | D:1      | Reached skill level 5 in Axes
  1133 | D:1      | Reached XP level 3. HP: 31/31 MP: 2/2
  1472 | D:2      | Noticed Natasha
  1487 | D:2      | Killed Natasha
  1495 | D:2      | Reached ** piety under Trog
  1499 | D:2      | Noticed an ice beast
  1630 | D:2      | Reached XP level 4. HP: 39/39 MP: 3/3
  1647 | D:2      | Killed an ice beast
  1648 | D:2      | Reached skill level 7 in Axes
  1648 | D:2      | Reached XP level 5. HP: 16/45 MP: 4/4
  1796 | D:2      | Noticed Natasha
  1801 | D:2      | Killed Natasha
  2237 | D:2      | Reached skill level 8 in Axes
  2238 | D:2      | Reached XP level 6. HP: 51/51 MP: 5/5
  2260 | D:2      | HP: 1/51 [killer bee (3)]
  2260 | D:2      | Slain by a killer bee

Illustrated notes

Levels and vault maps discovered:
D:1:      dpeg_arrival_simpleton_b, layout_basic, minmay_misc_feat_nine_boxes,
          minivault_26, columned_hall_lemuel
D:2:      layout_loops_cross, uniq_natasha

Skill      XL: |  1  2  3  4  5 |
---------------+----------------+-----
Axes           | 4 5 7 8 |  8.6
Fighting       | |  3.6
Armour         | |  2.4
Dodging        | |  2.1

Action                   |  1- 3 |  4- 6 || total
-------------------------+-------+-------++-------
Melee: Hand axe          |    65 |    64 ||   129
       Headbutt          |     9 |     4 ||    13
Invok: Berserk           |     1 |     2 ||     3
       Trog's Hand       |       |     1 ||     1
Armor: Animal skin       |     2 |       ||     2
       Chain mail        |    13 |    32 ||    45
Dodge: Dodged            |    22 |    28 ||    50
